 Dungeon Crawl Stone Soup version 0.28-a0-479-g5baa6b73be (webtiles) character file.

Game seed: 1700662372166971652

37 speeev33 the Skirmisher (level 3, 0/33 HPs)
             Began as a Hill Orc Fighter on Sept 19, 2021.
             Slain by an adder (2 damage)
             ... on level 2 of the Dungeon.
             The game lasted 00:01:01 (848 turns).

speeev33 the Skirmisher (Hill Orc Fighter)           Turns: 848, Time: 00:01:02

Health: 0/33       AC:  7    Str: 19    XL:     3   Next: 41%
Magic:  3/3        EV:  9    Int:  8    God:
Gold:   17         SH:  4    Dex: 10    Spells: 2/2 levels left

rFire   . . .      SeeInvis .   a - +0 war axe
rCold   . . .      Faith    +   c - +0 buckler
rNeg    . . .      Spirit   .   b - +0 scale mail
rPois   .          Reflect  .   (no helmet)
rElec   .          Harm     .   (no cloak)
rCorr   .          Rampage  .   (no gloves)
Will    .....                   (no boots)
Stlth   ..........              h - amulet of faith
HPRegen 0.11/turn               (no ring)
MPRegen 0.08/turn               (no ring)

@: mighty
A: no striking features
a: Convert to Beogh


You were on level 2 of the Dungeon.
You visited 1 branch of the dungeon, and saw 2 of its levels.

You collected 17 gold pieces.

Inventory:

Hand Weapons
 a - a +0 war axe (weapon)
Armour
 b - a +0 scale mail (worn)
 c - a +0 buckler (worn)
Jewellery
 h - an amulet of faith (around neck)
Potions
 f - 2 potions of cancellation {unknown}
 g - 2 potions of curing {unknown}


   Skills:
 + Level 4.1 Fighting
 + Level 3.3 Axes
 + Level 3.7 Armour
 + Level 3.7 Shields


You had 2 spell levels left.
You didn't know any spells.
Your spell library was empty.

Dungeon Overview and Level Annotations

Branches:
Dungeon (2/15)

Altars:


Message History

The orc hits you with a +0 dagger. The adder bites you but does no damage.
A dart slug comes into view.
You block the orc's attack. You block the orc priest's attack.
The orc hits you but does no damage. The orc hits you with a +0 dagger.
The adder bites you.
You completely miss the orc priest.
The orc priest is heavily wounded.
You hit the adder but do no damage. You closely miss the orc.
You slash the orc!
You kill the orc!
You closely miss the orc. The orc hits you but does no damage.
You block the adder's attack.
The orc priest hits you with a +0 dagger.
The orc barely misses you.
You closely miss the orc priest.
The orc priest is heavily wounded.
The orc priest threatens, "By the altar or by the axe, you will meet Beogh!"
You hit the adder but do no damage. You hit the orc.
You kill the orc!
You hit the orc.
The orc priest shouts, "Join the one true god or die!"
The adder bites you but does no damage. The orc hits you with a +0 mace.
You block the orc priest's attack. You block the adder's attack.
The orc hits you with a +0 mace.
You hit the orc priest.
The orc priest is severely wounded.
You slash the adder! You slash the goblin!
You kill the goblin!
You barely miss the orc. The adder bites you.
* * * LOW HITPOINT WARNING * * *
The orc priest hits you with a +0 dagger.
* * * LOW HITPOINT WARNING * * *
The orc hits you with a +0 mace.
* * * LOW HITPOINT WARNING * * *
The adder bites you but does no damage.
The orc priest hits you with a +0 dagger.
* * * LOW HITPOINT WARNING * * *
You feel very mighty all of a sudden. The adder bites you.
You die...

#. #. ####. #.##.
### #.##. #.# ###
##.##.
#.#######.###...#.
#o............#...
#@)##########.....
#.....oS)..<#
##.#..
#.#####..##.#
#.#.. #..# # #.#.#
.w.. #(#.# .....#
#.... #....# ####.
#..... ..... ####.


You could see an orc priest, an adder, a dart slug and an orc.

Vanquished Creatures
  2 orcs (D:2)
  2 endoplasms (D:1)
  2 giant cockroaches (D:1)
  A goblin (D:2)
  3 hobgoblins (D:1)
  3 quokkas (D:1)
  4 ball pythons (D:1)
  2 bats (D:1)
  3 frilled lizards (D:1)
  10 kobolds (D:1)
  2 rats (D:1)
34 creatures vanquished.

Notes
Turn   | Place    | Note
-------+----------+-------------------------------------------
     0 | D:1      | speeev33 the Hill Orc Fighter began the quest for the Orb.
     0 | D:1      | Reached XP level 1. HP: 19/19 MP: 1/1
    46 | D:1      | Reached XP level 2. HP: 25/27 MP: 2/2
   338 | D:1      | Reached skill level 4 in Fighting
   496 | D:1      | Reached XP level 3. HP: 33/33 MP: 3/3
   848 | D:2      | Slain by an adder

Illustrated notes

Levels and vault maps discovered:
D:1:      eino_arrival_water_cross, layout_rooms
D:2:      kennysheep_big_flooded_room, layout_loops_ring,
          ebering_ecumenical_altar_box, minivault_11, uniq_robin,
          uniq_crazy_yiuf_cottage

Skill      XL: |  1  2 |
---------------+-------+-----
Axes           | 3 |  3.3
Fighting       | 4 |  4.1
Armour         | |  3.7
Shields        | |  3.7

Action                   || total
-------------------------++-------
Melee: War axe           ||    73
  Use: Scroll            ||     1
       Potion            ||     1
Armor: Scale mail        ||    40
Dodge: Dodged            ||    41
Block: Buckler           ||    20

Table legend: (Time is in decaauts)
 A = Elapsed time spent in this place.
 B = Non-inter-level travel time spent in this place.
 C = Inter-level travel time spent in this place.
 D = Time resting spent in this place.
 E = Time spent auto-exploring this place.
 F = Levels seen in this place.
 G = Mean time per level.
                   A        B        C        D        E       F      G
               +--------+--------+--------+--------+--------+-----+--------+
         Total |    874 |    868 |      6 |      0 |    680 |   2 |  437.0 |
       Dungeon |    874 |    868 |      6 |      0 |    680 |   2 |  437.0 |
               +--------+--------+--------+--------+--------+-----+--------+

Top non-repeatable levels by time:
     D:1: 823 daAuts
     D:2: 51 daAuts
